 Dungeon Crawl Stone Soup version 0.28.0 (webtiles) character file.

Game seed: 9003824218996887040

21337 HallandMoats the Fighter (level 12, -11/78 HPs)
             Began as a Gargoyle Monk on Feb 6, 2022.
             Was an Elder of the Shining One.
             Constricted to death by Jorgrun (18 damage)
             ... on level 12 of the Dungeon.
             The game lasted 00:21:13 (12277 turns).

HallandMoats the Fighter (Gargoyle Monk)           Turns: 12277, Time: 00:21:14

Health: -11/78     AC: 19    Str: 18    XL:     12   Next: 88%
Magic:  19/19      EV: 12    Int: 18    God:    the Shining One [****..]
Gold:   616        SH: 12    Dex: 16    Spells: 11/11 levels left

rFire   + . .      SeeInvis .   a - +9 rapier "Worghuc" {flame, rF+ Int+3}
rCold   x . .      Faith    .   j - +1 buckler
rNeg    + + +      Spirit   .   A - +0 troll leather armour
rPois   ∞          Reflect  +   (helmet restricted)
rElec   +          Harm     .   i - +0 cloak {Will+}
rCorr   +          Rampage  .   D - +0 pair of gloves
Will    ++...                   (no boots)
Stlth   +.........              y - amulet "Butamiwa" {Reflect rF- Will+ rCorr SH+5}
HPRegen 1.03/turn               C - ring "Raemuute" {Wiz Str+2}
MPRegen 0.16/turn               H - ring "Biusal" {Fire rCorr Int+4}

@: grasped by roots, glowing, constricted
A: sickness immunity, AC +8, negative energy resistance 1, electricity
resistance, torment resistance 1, petrification resistance, horns 1, iridescent
scales 1, agile 1, dopey 1
a: Renounce Religion, Divine Shield, Cleansing Flame


You were on level 12 of the Dungeon.
You worshipped the Shining One.
The Shining One was greatly pleased with you.
You visited 2 branches of the dungeon, and saw 14 of its levels.

You collected 732 gold pieces.
You spent 116 gold pieces at shops.

Inventory:

Hand Weapons
 a - the +9 rapier "Worghuc" (weapon) {flame, rF+ Int+3}
   (You found it on level 4 of the Dungeon)

   It burns those it strikes, dealing additional fire damage.
   Int:       It affects your intelligence (+3).
   rF:        It protects you from fire.
 b - a +2 hand axe of flaming
Missiles
 w - a throwing net (quivered)
Armour
 i - a +0 cloak of willpower (worn)
 j - a +1 buckler (worn)
 A - a +0 troll leather armour (worn)
 D - a +0 pair of gloves (worn)
Jewellery
 p - a ring of flight
 y - the amulet "Butamiwa" (around neck) {Reflect rF- Will+ rCorr SH+5}
   (You took it off an orc warrior on level 7 of the Dungeon)

   [amulet of reflection]

   It reflects blocked missile attacks.
   rF:        It makes you vulnerable to fire.
   rCorr:     It protects you from acid and corrosion.
   SH:        It affects your SH (+5).
   Will:      It increases your willpower.
 B - a ring of fire
 C - the ring "Raemuute" (left hand) {Wiz Str+2}
   (You took it off an orc on level 7 of the Dungeon)

   [ring of wizardry]

   It improves your spell success rate.
   Str:       It affects your strength (+2).
 F - a ring of resist corrosion
 H - the ring "Biusal" (right hand) {Fire rCorr Int+4}
   (You found it on level 10 of the Dungeon)

   [ring of fire]

   It enhances your fire magic.
   Int:       It affects your intelligence (+4).
   rF:        It protects you from fire.
   rC:        It makes you vulnerable to cold.
   rCorr:     It protects you from acid and corrosion.
 I - a ring of wizardry
 L - a ring of magical power
Wands
 c - a wand of mindburst (17)
 m - a wand of flame (14)
 t - a wand of iceblast (23)
 E - a wand of polymorph (7)
 G - a wand of paralysis (5)
Scrolls
 h - 2 scrolls of blinking
 k - 3 scrolls of enchant weapon
 q - 4 scrolls of teleportation
 r - 2 scrolls of magic mapping
 s - 3 scrolls of amnesia
 z - 4 scrolls of identify
 K - 2 scrolls of fog {unknown}
 M - a scroll of brand weapon
Potions
 d - 2 potions of brilliance
 e - a potion of magic {unknown}
 f - 4 potions of curing
 g - 2 potions of flight
 l - a potion of lignification {unknown}
 n - a potion of berserk rage {unknown}
 o - 2 potions of heal wounds
 u - 4 potions of attraction {unknown}
 v - 2 potions of mutation
 x - a potion of cancellation {unknown}
 J - a potion of might {unknown}


   Skills:
 * Level 10.5 Fighting
 * Level 8.8 Axes
 + Level 9.9 Armour
 + Level 8.1 Dodging
 - Level 2.1 Stealth
 + Level 6.9 Shields
 * Level 9.9 Invocations


You had 11 spell levels left.
You didn't know any spells.
Your spell library contained the following spells:

 Spells                   Type           Power      Damage    Failure   Level
 Sting                    Tmut/Pois      0%         1d3       13%         1
 Corpse Rot               Necr/Air       0%         N/A       19%         2
 Poisonous Vapours        Pois/Air       0%         N/A       19%         2
 Ozocubu's Armour         Ice            0%         N/A       34%         3
 Tukima's Dance           Hex            0%         N/A       34%         3
 Airstrike                Air            0%         N/A       75%         4
 Animate Armour           Summ/Erth      0%         N/A       75%         4
 Ice Form                 Ice/Tmut       0%         N/A       75%         4
 Olgreb's Toxic Radiance  Pois           0%         N/A       75%         4
 Summon Lightning Spire   Summ/Air       0%         N/A       75%         4
 Fireball                 Conj/Fire      0%         3d3       96%         5
 Irradiate                Conj/Tmut      0%         3d13      96%         5
 Lightning Bolt           Conj/Air       0%         1d11      96%         5
 Metabolic Englaciation   Hex/Ice        0%         N/A       96%         5
 Death Channel            Necr           0%         N/A       100%        6
 Simulacrum               Ice/Necr       0%         N/A       100%        6
 Starburst                Conj/Fire      0%         6d3       100%        6
 Malign Gateway           Summ/Tloc      0%         N/A       100%        7
 Storm Form               Tmut/Air       0%         N/A       100%        7
 Ignition                 Fire           0%         3d3       100%        8


Dungeon Overview and Level Annotations

Branches:
Dungeon (13/15)            Temple (1/1) D:5            Lair (0/6) D:9
    Orc (0/2) D:12
 Vaults: D:13-14

Altars:
Ashenzari
Cheibriados
Dithmenos
Elyvilon
Fedhas
Gozag
Hepliaklqana
Kikubaaqudgha
Makhleb
Nemelex Xobeh
Okawaru
Qazlal
Ru
Sif Muna
Trog
Uskayaw
Vehumet
Wu Jian
Xom
Yredelemnul
Zin
The Shining One

Shops:
D:3 ?   D:7 **

Annotations:
D:3 3 runed translucent doors, Anonymone's ghost, weakling DsGl; Dazliare's ghost, novice BaAK; Duder's ghost, amateur MiBe; JJisdabomb's ghost, amateur MfAK
D:8 2 transporters
D:12 Jorgrun


Innate Abilities, Weirdness & Mutations

You are immune to sickness and miasma.
Your stone body is resilient. (AC +8)
You are immune to poison.
You resist negative energy. (rN+)
You are resistant to electric shocks. (rElec)
You are resistant to unholy torment.
You are immune to petrification.
You have a pair of small horns on your head.
You are partially covered in iridescent scales. (AC +2)
You are agile. (Dex +2)
You are dopey. (Int -2)


Message History

You climb upwards.
There is a stone staircase leading down here.
You hit Jorgrun. You burn Jorgrun.
Jorgrun is lightly wounded.
Jorgrun gestures at you while chanting.
Roots burst forth from the earth!
The grasping roots grab you! The grasping roots constrict you.
You puncture Jorgrun! You burn Jorgrun.
Jorgrun is lightly wounded.
You block Jorgrun's attack. The grasping roots constrict you!
You hit Jorgrun but do no damage.
Jorgrun is lightly wounded.
Jorgrun casts a spell at you.
The iron shot reflects off an invisible shield around you!
The iron shot hits Jorgrun!!!
The grasping roots constrict you!
Jorgrun hits you with a +0 vorpal quarterstaff.
The grasping roots constrict you!
You puncture Jorgrun! You burn Jorgrun.
Jorgrun is severely wounded.
Jorgrun casts a spell at you. You resist with almost no effort.
The grasping roots constrict you.
You puncture Jorgrun! You burn Jorgrun. Your headbutt misses Jorgrun.
Jorgrun is almost dead.
Jorgrun points at you and mumbles some strange words.
You resist with almost no effort. The grasping roots constrict you!
You barely miss Jorgrun.
Jorgrun is almost dead.
Jorgrun completely misses you. The grasping roots constrict you!
* * * LOW HITPOINT WARNING * * *
You hit Jorgrun. You burn Jorgrun.
Jorgrun is almost dead.
You block Jorgrun's attack. The grasping roots constrict you!
* * * LOW HITPOINT WARNING * * *
You barely miss Jorgrun.
Jorgrun is almost dead.
Jorgrun barely misses you. The grasping roots constrict you!
* * * LOW HITPOINT WARNING * * *
You block Jorgrun's attack. The grasping roots constrict you!!
You die...

#...# ###
#.....#### #...#
#># #........#
#####
#.####........#
#.............##
##.............#
#.............#
#..........)..#
#.g.......(..##
#@........>..#
###..........#
#..........#
#........###
###......###
#####........#
#...#........#
#...#........#
#..>....######


You could see Jorgrun.

Vanquished Creatures
  Gastronok (D:8)
  A boulder beetle (D:12)
  A hydra (D:11)
  The ghost of Yakesh the Severer, a journeyman MiFi of Gozag (D:10)
  3 two-headed ogres
  4 skeletal warriors (D:12)
  Pikel (D:8)
  An ugly thing (D:11)
  3 gargoyles
  2 kobold demonologists
  2 komodo dragons
  3 trolls
  A hornet (D:11)
  Grinder (D:3)
  A wraith (D:10)
  3 wyverns
  14 yaks
  A steam dragon (D:8)
  Grum (D:8)
  6 vampire mosquitoes
  3 acid dragons
  A black bear (D:9)
  6 water moccasins
  7 ice beasts
  A sky beast (D:7)
  3 orc warriors (D:7)
  2 necrophages
  4 ogres
  3 wolves (D:8)
  11 centaurs
  4 kobold brigands
  3 bullfrogs
  A gnoll sergeant (D:10)
  3 scorpions (D:5)
  7 killer bees
  12 wights
  4 howler monkeys
  3 centaur zombies
  A jelly (D:6)
  3 hounds
  Crazy Yiuf (D:6)
  4 orc priests
  A gnoll shaman (D:4)
  4 iguanas
  4 orc wizards
  A killer bee zombie (D:7)
  4 centaur simulacra (D:10)
  15 gnolls
  11 adders
  5 white imps
  An ufetubus (D:3)
  A worm (D:2)
  3 dart slugs
  25 orcs
  4 endoplasms
  3 giant cockroaches
  3 goblins (D:1)
  6 hobgoblins
  4 quokkas
  6 ball pythons
  4 bats
  2 frilled lizards
  21 kobolds
  2 rats
268 creatures vanquished.

Vanquished Creatures (others)
  A wizard (D:8)
  36 fungi (D:9)
  43 plants (D:9)
  A withered plant (D:3)
81 creatures vanquished.

Grand Total: 349 creatures vanquished

Notes
Turn   | Place    | Note
-------+----------+-------------------------------------------
     0 | D:1      | HallandMoats the Gargoyle Monk began the quest for the Orb.
     0 | D:1      | Reached XP level 1. HP: 14/14 MP: 1/1
   292 | D:1      | Reached XP level 2. HP: 19/19 MP: 2/2
  1169 | D:1      | Reached skill level 1 in Armour
  1169 | D:1      | Reached XP level 3. HP: 7/23 MP: 3/3
  1399 | D:2      | Reached skill level 1 in Invocations
  1819 | D:2      | Reached XP level 4. HP: 18/29 MP: 4/4
  2070 | D:3      | Noticed Grinder
  2080 | D:3      | Reached skill level 1 in Shields
  2084 | D:3      | HP: 1/29 [adder (3)]
  2095 | D:3      | Paralysed by Grinder for 5 turns
  2627 | D:3      | Paralysed by Grinder for 2 turns
  2649 | D:3      | Paralysed by Grinder for 5 turns
  2992 | D:4      | Identified the +9 rapier "Worghuc" {flame, rF+ Int+3}
  3076 | D:4      | Reached skill level 4 in Fighting
  3076 | D:4      | Reached XP level 5. HP: 16/33 MP: 6/6
  3504 | D:3      | Killed Grinder
  3505 | D:3      | Reached XP level 6. HP: 30/39 MP: 6/8
  3575 | D:3      | Found Tyediqob's Magic Scroll Emporium.
  3615 | D:3      | Bought a scroll of teleportation for 33 gold pieces
  3615 | D:3      | Bought a scroll of magic mapping for 38 gold pieces
  3739 | D:3      | Found a runed translucent gate.
  3739 | D:3      | Found a runed translucent gate.
  3739 | D:3      | Found a runed translucent gate.
  3739 | D:3      | Noticed JJisdabomb's ghost (amateur MfAK)
  3739 | D:3      | Noticed Anonymone's ghost (weakling DsGl)
  3739 | D:3      | Noticed Duder's ghost (amateur MiBe)
  3740 | D:3      | Noticed Dazliare's ghost (novice BaAK)
  4017 | D:4      | Reached XP level 7. HP: 44/44 MP: 9/9
  4017 | D:4      | Noticed a yak
  4017 | D:4      | Noticed a yak
  4018 | D:4      | Noticed a yak
  4018 | D:4      | Noticed a yak
  4044 | D:3      | Killed a yak
  4068 | D:3      | Killed a yak
  4069 | D:3      | Reached skill level 5 in Fighting
  4093 | D:3      | Killed a yak
  4094 | D:3      | Reached XP level 8. HP: 40/49 MP: 10/10
  4110 | D:3      | Killed a yak
  4562 | D:5      | Entered Level 5 of the Dungeon
  4630 | D:5      | Reached skill level 5 in Axes
  4667 | D:5      | Reached skill level 6 in Fighting
  4763 | D:5      | Noticed a kobold demonologist
  4770 | D:5      | Killed a kobold demonologist
  4771 | D:5      | Reached skill level 5 in Armour
  4771 | D:5      | Reached skill level 5 in Invocations
  4771 | D:5      | Reached XP level 9. HP: 53/55 MP: 12/12
  4819 | D:5      | Found a hazy altar of Hepliaklqana.
  4831 | D:5      | Found a radiant altar of Vehumet.
  4955 | D:5      | Found a staircase to the Ecumenical Temple.
  4984 | Temple   | Entered the Ecumenical Temple
  5298 | Temple   | Became a worshipper of the Shining One
  5298 | Temple   | Reached * piety under the Shining One
  5298 | Temple   | Reached ** piety under the Shining One
  5355 | D:5      | Reached skill level 5 in Dodging
  5795 | D:6      | Noticed a two-headed ogre
  5833 | D:6      | Killed a two-headed ogre
  5834 | D:6      | Reached skill level 7 in Fighting
  5998 | D:6      | You fall into a shaft and drop 3 floors!
  5998 | D:9      | Noticed a komodo dragon
  5998 | D:9      | Found a staircase to the Lair.
  6017 | D:9      | Reached XP level 10. HP: 59/63 MP: 14/14
  6023 | D:9      | Found a blossoming altar of Fedhas.
  6132 | D:9      | Noticed a kobold demonologist
  6142 | D:9      | Noticed a smoke demon
  6147 | D:9      | Noticed an orange demon
  6149 | D:9      | Killed a kobold demonologist
  6564 | D:8      | Noticed Grum
  6574 | D:8      | Killed Grum
  6581 | D:8      | Reached skill level 8 in Fighting
  6618 | D:8      | Reached skill level 5 in Shields
  6691 | D:8      | Noticed Gastronok
  6717 | D:8      | Found a transporter.
  7063 | D:7      | Found Oduxequi's General Store.
  7069 | D:7      | Bought a potion of curing for 45 gold pieces
  7134 | D:7      | Noticed a two-headed ogre
  7143 | D:7      | Killed a two-headed ogre
  7144 | D:7      | Reached XP level 11. HP: 51/69 MP: 13/16
  7156 | D:7      | Identified the amulet "Butamiwa" {Reflect rF- Will+ rCorr
                  | SH+5}
  7156 | D:7      | Reached *** piety under the Shining One
  7161 | D:7      | Gained mutation: You are agile. (Dex +2) [potion of
                  | mutation]
  7161 | D:7      | Gained mutation: You have a pair of small horns on your
                  | head. [potion of mutation]
  7161 | D:7      | Gained mutation: You are dopey. (Int -2) [potion of
                  | mutation]
  7161 | D:7      | Gained mutation: You are partially covered in iridescent
                  | scales. (AC +2) [potion of mutation]
  7480 | D:6      | Found a runed translucent door.
  7481 | D:6      | Noticed Crazy Yiuf
  7517 | D:6      | Got the Grimoire of Earthen Transformation
  7703 | D:6      | Killed Crazy Yiuf
  8087 | D:7      | Identified the ring "Raemuute" {Wiz Str+2}
  8367 | D:7      | Found Gynnal's Elemental Accessories.
  8432 | D:7      | Identified the +2 whip of Pestilence {venom, rC++ Str-4
                  | Dex+3}
  8475 | D:7      | Got Wongoenn's Volume of Changing and Execration
  8489 | D:7      | Identified the +1 leather armour of Jocular Miracles {rPois
                  | Regen+ Int+3 Stlth-}
  8550 | D:8      | Found a transporter.
  8646 | D:8      | Noticed Pikel
  8653 | D:8      | Killed Pikel
  8970 | D:8      | Found a bloodstained altar of Trog.
  8974 | D:8      | Noticed a wizard
  8977 | D:8      | Killed a wizard
  9104 | D:8      | Killed Gastronok
  9105 | D:8      | Reached skill level 9 in Fighting
  9870 | D:9      | Got the Incunabulum of Ghastly Calling
  9946 | D:10     | Entered Level 10 of the Dungeon
 10148 | D:10     | Noticed Yakesh's ghost (journeyman MiFi)
 10159 | D:10     | Found a runed translucent gate.
 10159 | D:10     | Found a runed translucent gate.
 10159 | D:10     | Found a runed translucent gate.
 10174 | D:10     | Reached **** piety under the Shining One
 10712 | D:10     | Killed Yakesh's ghost
 10720 | D:10     | Reached XP level 12. HP: 59/76 MP: 18/18
 10748 | D:10     | Got the ring "Biusal" {Fire rCorr Int+4}
 11065 | D:11     | Noticed a six-headed hydra
 11076 | D:11     | Killed a six-headed hydra
 11646 | D:12     | Reached skill level 10 in Fighting
 11763 | D:12     | Noticed a boulder beetle
 11779 | D:12     | Noticed a two-headed ogre
 11806 | D:11     | Killed a two-headed ogre
 11986 | D:12     | Killed a boulder beetle
 12108 | D:12     | Found a staircase to the Orcish Mines.
 12240 | D:13     | Noticed Jorgrun
 12277 | D:12     | Constricted to death by Jorgrun

Illustrated notes

Levels and vault maps discovered:
D:1:      minmay_arrival_solitary_statue, layout_basic, chequers_jeans,
          minivault_27
D:2:      layout_loops_cross
D:3:      layout_rooms, serial_curves, eino_curves_03, eino_curves_02,
          eino_curves_03, eino_curves_02, serial_shops, shop,
          gammafunk_ghost_cemetery, gup_sewer_entry_glass, uniq_grinder
D:4:      layout_basic
D:5:      layout_loops_ring, amethyst_overflow_temple_binary,
          minmay_temple_entry_waves, chequers_serial_rivers_room_b
D:6:      layout_basic, kennysheep_decorative_pillar, uniq_crazy_yiuf_cottage
D:7:      layout_basic, serial_shops, shop, minivault_10, hex_medium,
          nicolae_elemental_shop, minmay_the_grid_2x2
          [minmay_the_grid_pillar_ring, minmay_the_grid_all_tris,
          minmay_the_grid_outer_circle, minmay_the_grid_prize_shrinking_boxes]
D:8:      gammafunk_wand_slinger, layout_layer_cave, trog_wizard, st_stairs_7,
          chequers_mini_garden, hex_large, uniq_gastronok, uniq_pikel, uniq_grum
D:9:      layout_loops_corners, fedhas_bush_and_centaur_altar,
          due_lair_maze_entry_diamond, chequers_serial_rivers_large_a
D:10:     layout_loops_ring, gammafunk_ghost_icy, kennysheep_cross_room,
          minivault_24, feat_on_display
D:11:     layout_loops_ring, chequers_decorated_corner, hangedman_decor_points
D:12:     layout_cross, orc_0_dummy
D:13:     layout_long_grid, erik_vaults_2, lemuel_zombie_altar_yredelemnul,
          uniq_jorgrun, uniq_azrael, uniq_snorg, uniq_erolcha
Temple:   dpeg_five_rooms_temple

Skill      XL: |  1  2  3  4  5  6  7  8  9 10 11 12 |
---------------+-------------------------------------+-----
Armour         | 1 2 3 5 6 7 8 9 |  9.9
Axes           | 3 4 5 6 7 8 |  8.8
Invocations    | 1 2 3 5 6 7 8 9 |  9.9
Shields        | 1 2 3 4 5 6 |  6.9
Fighting       | 4 5 6 7 8 9 10 | 10.5
Dodging        | 3 4 5 6 7 8 |  8.1
Stealth        | |  2.1

Action                   |  1- 3 |  4- 6 |  7- 9 | 10-12 || total
-------------------------+-------+-------+-------+-------++-------
Melee: Hand axe          |    86 |    43 |       |       ||   129
       Rapier            |       |    57 |   187 |   549 ||   793
       Headbutt          |       |       |       |   122 ||   122
Invok: Divine Shield     |       |       |       |     9 ||     9
       Cleansing Flame   |       |       |       |     4 ||     4
  Use: Scroll            |       |     3 |     5 |     5 ||    13
       Potion            |       |     2 |       |     1 ||     3
 Stab: Sleeping          |     2 |       |       |       ||     2
       Invisible         |       |     6 |       |       ||     6
Armor: Robe              |    15 |       |       |       ||    15
       Chain mail        |    27 |    73 |   130 |   193 ||   423
       Troll leather arm |       |       |       |   104 ||   104
Dodge: Dodged            |    38 |    43 |    90 |   298 ||   469
Block: Buckler           |     2 |    22 |    47 |   424 ||   495
       Reflection        |       |       |       |    17 ||    17
